St.Louis Blues vs Anaheim Ducks
(R1)
Created - Wednesday, May 15, 2024 at 06:52
Goals
|
| St.Louis Blues |
3 |
0 |
1 |
4 |
| Anaheim Ducks |
0 |
2 |
0 |
2 |
|
Shots
|
| St.Louis Blues |
17 |
5 |
13 |
35 |
| Anaheim Ducks |
8 |
21 |
10 |
39 |
|
1st period
1. St.Louis Blues , Robert Thomas 34 (Elias Pettersson 55, Alex Pietrangelo 25) at 4:24 (PP)
2. St.Louis Blues , Robert Thomas 35 (Elias Pettersson 56, Jake Guentzel 15) at 7:05 (PP)
3. St.Louis Blues , Tage Thompson 30 (Alex Tuch 21, Mikhail Sergachev 18) at 14:59
Penalties :
Evander Kane (STL) for Roughing (Minor) at 0:59, Brenden Dillon (ANA) for Hooking (Minor) at 3:17, Brayden Schenn (ANA) for Boarding (Minor) at 6:57, Morgan Rielly (ANA) for Hooking (Minor) at 15:02, Adam Pelech (STL) for Delaying the game (Minor) at 17:34
2nd period
4. Anaheim Ducks , Brenden Dillon 2 (Nazem Kadri 14, Josh Manson 15) at 12:09
5. Anaheim Ducks , Morgan Rielly 5 (William Nylander 59, Joshua Morrissey 28) at 13:39 (PP)
Penalties :
Joshua Morrissey (ANA) for Interference (Minor) at 3:18, Adam Pelech (STL) for Holding (Minor) at 13:21, Mikhail Sergachev (STL) for Slashing (Minor) at 18:54
3rd period
6. St.Louis Blues , Robert Thomas 36 (Elias Pettersson 57) at 2:03 (PP)
Penalties :
Joshua Morrissey (ANA) for Holding (Minor) at 0:44, Yanni Gourde (STL) for Hooking (Minor) at 12:17, Evander Kane (STL) for High sticking (Minor) at 16:11
Goalie Stats
Connor Hellebuyck (STL), 37 saves from 39 shots - (0.949), W, 33-13-5, 60:00 minutes
Linus Ullmark (ANA), 31 saves from 35 shots - (0.886), L, 31-19-3, 60:00 minutes
Players Stats for St.Louis Blues
Player Name G A P +/- PIM S H SB GA TA FO MP PP MP PK MP
------------------------------------------------------------------------------------
Adam Pelech 0 0 0 -1 4 0 0 3 0 0 0/0 13:30 0:00 3:39
Alex Pietrangelo 0 1 1 0 0 1 0 2 0 0 0/0 20:55 2:32 0:00
Alex Tuch 0 1 1 -1 0 0 0 0 0 0 0/0 10:57 2:17 0:00
Andrew Copp 0 0 0 0 0 0 0 0 1 0 0/1 9:55 0:06 4:39
Colton Parayko 0 0 0 0 0 2 2 3 0 0 0/0 27:11 4:06 5:15
Elias Pettersson 0 3 3 1 0 7 1 2 1 0 0/0 21:50 3:47 1:28
Evander Kane 0 0 0 -1 4 0 1 0 1 0 0/0 11:26 2:30 0:00
Jack Eichel 0 0 0 0 0 3 1 0 3 0 6/17 15:37 2:30 0:00
Jake Guentzel 0 1 1 0 0 3 2 0 0 0 2/2 17:31 3:32 0:32
Jake Sanderson 0 0 0 1 0 2 0 2 1 1 0/0 20:53 0:00 5:42
Lawson Crouse 0 0 0 0 0 3 1 1 0 0 0/0 10:13 0:06 4:56
Mark Stone 0 0 0 0 0 2 1 0 0 0 0/0 15:37 2:30 0:00
Mikhail Sergachev 0 1 1 1 2 0 3 0 0 1 0/0 16:25 0:15 0:43
Nick Leddy 0 0 0 -1 0 0 0 1 0 2 0/0 15:03 0:00 4:49
Nico Sturm 0 0 0 0 0 0 0 0 0 1 6/10 9:44 0:00 4:37
Robert Thomas 3 0 3 1 0 6 4 1 1 0 13/30 20:12 3:47 0:09
Tage Thompson 1 0 1 1 0 5 1 0 1 0 1/3 20:04 3:51 0:00
Yanni Gourde 0 0 0 -1 2 1 1 0 0 0 0/3 12:38 0:06 3:47
Players Stats for Anaheim Ducks
Player Name G A P +/- PIM S H SB GA TA FO MP PP MP PK MP
------------------------------------------------------------------------------------
Alex Killorn 0 0 0 0 0 2 1 0 0 0 0/0 19:04 4:31 3:38
Brayden Schenn 0 0 0 0 2 5 4 0 0 1 0/3 16:23 4:31 0:25
Brenden Dillon 1 0 1 0 2 2 0 0 0 1 0/0 15:00 0:00 2:37
Calle Jarnkrok 0 0 0 1 0 0 1 0 0 0 0/0 5:46 0:00 0:00
Chandler Stephenson 0 0 0 0 0 5 1 0 0 0 18/23 19:04 4:31 3:38
Esa Lindell 0 0 0 0 0 0 2 0 0 2 0/0 23:02 3:28 3:46
Ivan Provorov 0 0 0 0 0 0 0 1 0 0 0/0 18:49 0:00 3:29
J.T. Compher 0 0 0 0 0 1 1 0 1 0 0/0 14:09 0:15 2:16
John Tavares 0 0 0 -1 0 2 2 0 0 0 14/30 20:06 5:21 0:04
Josh Manson 0 1 1 0 0 1 1 1 0 1 0/0 19:14 3:28 2:54
Joshua Morrissey 0 1 1 0 4 2 2 1 0 2 0/0 21:55 6:35 0:00
Mark Scheifele 0 0 0 -1 0 4 4 0 1 1 1/2 20:03 5:30 0:00
Mason Marchment 0 0 0 1 0 0 1 0 0 0 0/0 5:46 0:00 0:00
Max Domi 0 0 0 0 0 3 0 0 1 1 3/5 12:48 0:12 0:25
Morgan Rielly 1 0 1 0 2 3 2 2 0 0 0/0 22:29 6:36 0:00
Nazem Kadri 0 1 1 1 0 0 0 0 0 0 1/1 5:46 0:00 0:00
Teuvo Teravainen 0 0 0 0 0 1 1 2 1 0 0/0 13:53 0:00 2:16
William Nylander 0 1 1 -1 0 8 0 1 1 0 1/2 20:06 5:21 0:04
3 Stars
1 - Robert Thomas (STL)
2 - Elias Pettersson (STL)
3 - Connor Hellebuyck (STL)
Power Play
St.Louis Blues - 3 on 5 Attempt(s) - 60.00%
Anaheim Ducks - 1 on 6 Attempt(s) - 16.67%
Penalty Kill
St.Louis Blues - 5 on 6 Attempt(s) - 83.33%
- Score 0 goal in Penalty Kill
Anaheim Ducks - 2 on 5 Attempt(s) - 40.00%
- Score 0 goal in Penalty Kill
Team Stat
St.Louis Blues - Hits : 18 - Faceoff Wins : 28 - Blocked Shots : 15 - Penalty Minutes : 12
Anaheim Ducks - Hits : 23 - Faceoff Wins : 38 - Blocked Shots : 8 - Penalty Minutes : 10
Official
Referees : TJ Luxmore and Garrett Rank
Linesman : Ryan Galloway and Devin Berg
Game Notes
Robert Thomas has scored a Hat Trick!
Finance
Level 1 -- Attendance: 4452 (74.20%) -- Ticket Income $445,200
Level 2 -- Attendance: 3610 (72.20%) -- Ticket Income $216,600
Level 3 -- Attendance: 1980 (66.00%) -- Ticket Income $91,080
Level 4 -- Attendance: 3931 (78.62%) -- Ticket Income $98,275
Luxury Box -- Attendance: 779 (77.90%) -- Ticket Income $155,800
Game was played at the Honda Center.
Total Attendance: 14752 (73.76%)
Total Ticket Income: $1,006,955
Other Income: $352,434
Total Income: $1,359,389
St.Louis Blues
5 vs 5 Forward
Center Left Wing Right Wing Time % Phy DF OF
1 Robert Thomas Elias Pettersson Tage Thompson 40 0 2 3
2 Jack Eichel Jake Guentzel Mark Stone 30 0 2 3
3 Yanni Gourde Alex Tuch Evander Kane 20 1 2 2
4 Nico Sturm Andrew Copp Lawson Crouse 10 1 3 1
5 vs 5 Defense
Defense Defense Time % Phy DF OF
1 Colton Parayko Alex Pietrangelo 45 1 2 2
2 Jake Sanderson Mikhail Sergachev 35 1 2 2
3 Nick Leddy Adam Pelech 20 1 2 2
4 Alex Pietrangelo Mikhail Sergachev 0 1 2 2
PowerPlay Forward
Center Left Wing Right Wing Time % Phy DF OF
1 Robert Thomas Elias Pettersson Jake Guentzel 60 1 0 4
2 Jack Eichel Evander Kane Mark Stone 40 1 0 4
PowerPlay Defense
Defense Defense Time % Phy DF OF
1 Tage Thompson Colton Parayko 60 0 1 4
2 Alex Tuch Alex Pietrangelo 40 0 1 4
Penalty Kill 4 Players Forward
Center Wing Time % Phy DF OF
1 Nico Sturm Yanni Gourde 50 1 4 0
2 Andrew Copp Lawson Crouse 50 1 4 0
Penalty Kill 4 Players Defense
Defense Defense Time % Phy DF OF
1 Jake Sanderson Colton Parayko 50 1 4 0
2 Nick Leddy Adam Pelech 50 1 4 0
Penalty Kill - 3 Players Forward
Forward Time % Phy DF OF
1 Nico Sturm 50 0 5 0
2 Yanni Gourde 50 0 5 0
Penalty Kill - 3 Players Defense
Defense Defense Time % Phy DF OF
1 Jake Sanderson Colton Parayko 50 0 5 0
2 Adam Pelech Nick Leddy 50 0 5 0
4 vs 4 Forward
Center Wing Time % Phy DF OF
1 Robert Thomas Elias Pettersson 50 0 2 3
2 Jack Eichel Mark Stone 50 0 2 3
4 vs 4 Defense
Defense Defense Time % Phy DF OF
1 Alex Pietrangelo Colton Parayko 50 1 2 2
2 Nick Leddy Jake Sanderson 50 1 2 2
Last Minutes Offensive
Center Left Wing Right Wing Defense Defense
Robert Thomas Elias Pettersson Jake Guentzel Tage Thompson Mikhail Sergachev
Last Minutes Defensive
Center Left Wing Right Wing Defense Defense
Nico Sturm Yanni Gourde Lawson Crouse Alex Pietrangelo Colton Parayko
Goaltenders
Starting : Connor Hellebuyck
Backup : Scott Wedgewood
Extra Forwards
Normal : Jack Eichel, Elias Pettersson, Lawson Crouse - PP : Jack Eichel, Elias Pettersson - PK : Elias Pettersson
Extra Defensemen
Normal : Jake Sanderson, Nick Leddy, Colton Parayko - PP : Nick Leddy - PK : Jake Sanderson, Colton Parayko
Penalty Shots
Elias Pettersson, Tage Thompson, Jack Eichel, Alex Tuch, Robert Thomas
Anaheim Ducks
5 vs 5 Forward
Center Left Wing Right Wing Time % Phy DF OF
1 John Tavares William Nylander Mark Scheifele 40 1 2 2
2 Chandler Stephenson Alex Killorn Brayden Schenn 30 1 2 2
3 Max Domi Teuvo Teravainen J.T. Compher 20 1 2 2
4 Nazem Kadri Calle Jarnkrok Mason Marchment 10 1 2 2
5 vs 5 Defense
Defense Defense Time % Phy DF OF
1 Morgan Rielly Joshua Morrissey 35 1 2 2
2 Ivan Provorov Esa Lindell 35 1 2 2
3 Brenden Dillon Josh Manson 30 1 2 2
4 Morgan Rielly Esa Lindell 0 1 2 2
PowerPlay Forward
Center Left Wing Right Wing Time % Phy DF OF
1 John Tavares William Nylander Mark Scheifele 60 1 1 3
2 Chandler Stephenson Alex Killorn Brayden Schenn 40 0 1 4
PowerPlay Defense
Defense Defense Time % Phy DF OF
1 Morgan Rielly Joshua Morrissey 60 1 2 2
2 Josh Manson Esa Lindell 40 1 2 2
Penalty Kill 4 Players Forward
Center Wing Time % Phy DF OF
1 Chandler Stephenson Alex Killorn 55 1 3 1
2 J.T. Compher Teuvo Teravainen 45 1 3 1
Penalty Kill 4 Players Defense
Defense Defense Time % Phy DF OF
1 Esa Lindell Ivan Provorov 50 1 3 1
2 Brenden Dillon Josh Manson 50 1 3 1
Penalty Kill - 3 Players Forward
Forward Time % Phy DF OF
1 Alex Killorn 50 1 3 1
2 Chandler Stephenson 50 1 3 1
Penalty Kill - 3 Players Defense
Defense Defense Time % Phy DF OF
1 Esa Lindell Ivan Provorov 50 1 3 1
2 Josh Manson Brenden Dillon 50 1 3 1
4 vs 4 Forward
Center Wing Time % Phy DF OF
1 John Tavares William Nylander 60 1 2 2
2 Chandler Stephenson Mark Scheifele 40 1 2 2
4 vs 4 Defense
Defense Defense Time % Phy DF OF
1 Esa Lindell Morgan Rielly 50 1 2 2
2 Ivan Provorov Brenden Dillon 50 1 2 2
Last Minutes Offensive
Center Left Wing Right Wing Defense Defense
John Tavares William Nylander Mark Scheifele Joshua Morrissey Morgan Rielly
Last Minutes Defensive
Center Left Wing Right Wing Defense Defense
Chandler Stephenson Alex Killorn J.T. Compher Ivan Provorov Esa Lindell
Goaltenders
Starting : Linus Ullmark
Backup : James Reimer
Extra Forwards
Normal : William Nylander, John Tavares, Mark Scheifele - PP : William Nylander, John Tavares - PK : Alex Killorn
Extra Defensemen
Normal : Esa Lindell, Morgan Rielly, Joshua Morrissey - PP : Morgan Rielly - PK : Esa Lindell, Ivan Provorov
Penalty Shots
Brenden Dillon, Teuvo Teravainen, Mark Scheifele, Calle Jarnkrok, Alex Killorn
% Time on Ice - St.Louis Blues
Lines # - Real PCT - Wanted PCT - Time Play
Normal Forward
1 - 37% - 40% - 16:13
2 - 31% - 30% - 13:27
3 - 20% - 20% - 8:39
4 - 12% - 10% - 5:05
Normal Defense
1 - 41% - 45% - 17:41
2 - 37% - 35% - 15:54
3 - 21% - 20% - 8:58
4 - 2% - 0% - 0:51
PP Forward
1 - 61% - 60% - 3:53
2 - 39% - 40% - 2:30
PP Defense
1 - 64% - 60% - 4:06
2 - 36% - 40% - 2:17
PK Forward
1 - 51% - 50% - 5:09
2 - 49% - 50% - 4:55
PK Defense
1 - 52% - 50% - 5:15
2 - 48% - 50% - 4:49
PK3 Forward
1 - 0% - 50%
2 - 0% - 50%
PK3 Defense
1 - 0% - 50%
2 - 0% - 50%
44 Forward
1 - 100% - 50% - 0:09
2 - 0% - 50% - 0:00
44 Defense
1 - 100% - 50% - 0:09
2 - 0% - 50% - 0:00
Last Minute Offensive - 0:00
Last Minute Defensive - 0:00
Total
Forward - 60:00
Defense - 60:00
|
% Time on Ice - Anaheim Ducks
Lines # - Real PCT - Wanted PCT - Time Play
Normal Forward
1 - 35% - 40% - 15:06
2 - 25% - 30% - 10:55
3 - 27% - 20% - 11:37
4 - 13% - 10% - 5:46
Normal Defense
1 - 37% - 35% - 16:00
2 - 35% - 35% - 15:09
3 - 28% - 30% - 12:15
4 - 0% - 0% - 0:00
PP Forward
1 - 55% - 60% - 5:33
2 - 45% - 40% - 4:31
PP Defense
1 - 66% - 60% - 6:36
2 - 34% - 40% - 3:28
PK Forward
1 - 64% - 55% - 4:07
2 - 36% - 45% - 2:16
PK Defense
1 - 51% - 50% - 3:14
2 - 49% - 50% - 3:09
PK3 Forward
1 - 0% - 50%
2 - 0% - 50%
PK3 Defense
1 - 0% - 50%
2 - 0% - 50%
44 Forward
1 - 100% - 60% - 0:09
2 - 0% - 40% - 0:00
44 Defense
1 - 0% - 50% - 0:00
2 - 100% - 50% - 0:09
Last Minute Offensive - 0:00
Last Minute Defensive - 0:00
Total
Forward - 60:00
Defense - 60:00
|
Play-by-Play
1st period
0:01 of 1st period - Robert Thomas wins face-off versus John Tavares in neutral zone.
0:08 of 1st period - Slapshot by Elias Pettersson.
0:08 of 1st period - Stopped by Linus Ullmark with a rebound.
0:10 of 1st period - Slapshot by Alex Pietrangelo.
0:10 of 1st period - Shot Blocked by Joshua Morrissey.
0:12 of 1st period - Slapshot by Colton Parayko.
0:12 of 1st period - Stopped by Linus Ullmark with a rebound.
0:14 of 1st period - Snap shot by Robert Thomas.
0:14 of 1st period - Stopped by Linus Ullmark without a rebound.
0:15 of 1st period - Chandler Stephenson wins face-off versus Jack Eichel in Anaheim Ducks zone.
0:15 of 1st period - Chandler Stephenson is hit by Mikhail Sergachev.
0:23 of 1st period - Slapshot by Chandler Stephenson.
0:23 of 1st period - Shot Misses the Net.
0:41 of 1st period - Ivan Provorov is hit by Yanni Gourde and loses puck.
0:59 of 1st period - Minor Penalty to Evander Kane for Roughing.
1:00 of 1st period - John Tavares wins face-off versus Nico Sturm in St.Louis Blues zone.
1:25 of 1st period - Jake Sanderson is hit by Joshua Morrissey and loses puck.
2:59 of 1st period - Penalty to Evander Kane is over, Evander Kane is back on ice.
3:17 of 1st period - Minor Penalty to Brenden Dillon for Hooking.
3:18 of 1st period - Chandler Stephenson wins face-off versus Robert Thomas in Anaheim Ducks zone.
3:32 of 1st period - Slapshot by Elias Pettersson.
3:32 of 1st period - Stopped by Linus Ullmark without a rebound.
3:33 of 1st period - Chandler Stephenson wins face-off versus Jack Eichel in Anaheim Ducks zone.
3:50 of 1st period - Chandler Stephenson is hit by Colton Parayko.
4:04 of 1st period - Wrist shot by Elias Pettersson.
4:04 of 1st period - Stopped by Linus Ullmark without a rebound.
4:05 of 1st period - Chandler Stephenson wins face-off versus Robert Thomas in Anaheim Ducks zone.
4:05 of 1st period - Chandler Stephenson is hit by Robert Thomas.
4:17 of 1st period - Esa Lindell is hit by Robert Thomas and loses puck.
4:24 of 1st period - Snap shot by Robert Thomas.
4:24 of 1st period - Goal by Robert Thomas - St.Louis Blues : 1 - Anaheim Ducks : 0.
4:25 of 1st period - John Tavares wins face-off versus Robert Thomas in neutral zone.
4:52 of 1st period - Alex Pietrangelo is hit by Mason Marchment and loses puck.
5:01 of 1st period - Snap shot by Elias Pettersson.
5:01 of 1st period - Shot Blocked by Morgan Rielly.
5:19 of 1st period - Brenden Dillon is hit by Mark Stone and loses puck.
5:52 of 1st period - Wrist shot by Max Domi.
5:52 of 1st period - Stopped by Connor Hellebuyck with a rebound.
6:06 of 1st period - Snap shot by Lawson Crouse.
6:06 of 1st period - Shot Blocked by Ivan Provorov.
6:08 of 1st period - Snap shot by Alex Pietrangelo.
6:08 of 1st period - Shot Misses the Net.
6:10 of 1st period - Slapshot by Alex Pietrangelo.
6:10 of 1st period - Stopped by Linus Ullmark without a rebound.
6:11 of 1st period - John Tavares wins face-off versus Jack Eichel in Anaheim Ducks zone.
6:24 of 1st period - Mark Stone is hit by John Tavares and loses puck.
6:57 of 1st period - Minor Penalty to Brayden Schenn for Boarding.
6:58 of 1st period - Jake Guentzel wins face-off versus Chandler Stephenson in Anaheim Ducks zone.
7:05 of 1st period - Backhand shot by Elias Pettersson.
7:05 of 1st period - Deflect By Robert Thomas.
7:05 of 1st period - Goal by Robert Thomas - St.Louis Blues : 2 - Anaheim Ducks : 0.
7:06 of 1st period - Robert Thomas wins face-off versus John Tavares in neutral zone.
7:15 of 1st period - Wrist shot by Elias Pettersson.
7:15 of 1st period - Shot Misses the Net.
7:23 of 1st period - Snap shot by Robert Thomas.
7:23 of 1st period - Stopped by Linus Ullmark with a rebound.
7:40 of 1st period - Wrist shot by Brayden Schenn.
7:40 of 1st period - Stopped by Connor Hellebuyck without a rebound.
7:41 of 1st period - Chandler Stephenson wins face-off versus Robert Thomas in St.Louis Blues zone.
7:48 of 1st period - Slapshot by Brayden Schenn.
7:48 of 1st period - Stopped by Connor Hellebuyck without a rebound.
7:49 of 1st period - Chandler Stephenson wins face-off versus Robert Thomas in St.Louis Blues zone.
7:58 of 1st period - Off-side.
7:59 of 1st period - Tage Thompson wins face-off versus John Tavares in neutral zone.
8:17 of 1st period - Off-side.
8:18 of 1st period - Jack Eichel wins face-off versus Max Domi in neutral zone.
8:57 of 1st period - Snap shot by John Tavares.
8:57 of 1st period - Stopped by Connor Hellebuyck without a rebound.
8:58 of 1st period - Chandler Stephenson wins face-off versus Robert Thomas in St.Louis Blues zone.
9:07 of 1st period - Wrist shot by Chandler Stephenson.
9:07 of 1st period - Shot Blocked by Alex Pietrangelo.
9:25 of 1st period - Evander Kane is hit by John Tavares.
10:14 of 1st period - Mikhail Sergachev is hit by Morgan Rielly and loses puck.
10:37 of 1st period - Snap shot by Elias Pettersson.
10:37 of 1st period - Stopped by Linus Ullmark with a rebound.
10:39 of 1st period - Snap shot by Jake Sanderson.
10:39 of 1st period - Stopped by Linus Ullmark with a rebound.
10:41 of 1st period - Slapshot by Jake Sanderson.
10:41 of 1st period - Stopped by Linus Ullmark without a rebound.
10:42 of 1st period - John Tavares wins face-off versus Yanni Gourde in Anaheim Ducks zone.
11:09 of 1st period - Colton Parayko is hit by Josh Manson and loses puck.
11:14 of 1st period - Snap shot by Max Domi.
11:14 of 1st period - Shot Misses the Net.
11:16 of 1st period - Backhand shot by Esa Lindell.
11:16 of 1st period - Shot Blocked by Alex Pietrangelo.
11:18 of 1st period - Snap shot by Ivan Provorov.
11:18 of 1st period - Shot Blocked by Colton Parayko.
11:20 of 1st period - Wrist shot by J.T. Compher.
11:20 of 1st period - Stopped by Connor Hellebuyck with a rebound.
12:08 of 1st period - Wrist shot by Brayden Schenn.
12:08 of 1st period - Shot Misses the Net.
12:16 of 1st period - Wrist shot by Lawson Crouse.
12:16 of 1st period - Stopped by Linus Ullmark without a rebound.
12:17 of 1st period - Nico Sturm wins face-off versus John Tavares in Anaheim Ducks zone.
12:28 of 1st period - Snap shot by William Nylander.
12:28 of 1st period - Shot Blocked by Adam Pelech.
12:30 of 1st period - Snap shot by Mark Scheifele.
12:30 of 1st period - Stopped by Connor Hellebuyck with a rebound.
12:32 of 1st period - Snap shot by John Tavares.
12:32 of 1st period - Deflect By William Nylander.
12:32 of 1st period - Stopped by Connor Hellebuyck without a rebound.
12:33 of 1st period - Robert Thomas wins face-off versus Max Domi in St.Louis Blues zone.
12:38 of 1st period - Snap shot by Tage Thompson.
12:38 of 1st period - Stopped by Linus Ullmark without a rebound.
12:39 of 1st period - Max Domi wins face-off versus Robert Thomas in Anaheim Ducks zone.
13:12 of 1st period - Slapshot by Robert Thomas.
13:12 of 1st period - Shot Blocked by Josh Manson.
13:25 of 1st period - Off-side.
13:26 of 1st period - Jack Eichel wins face-off versus John Tavares in neutral zone.
14:39 of 1st period - Snap shot by Max Domi.
14:39 of 1st period - Shot Misses the Net.
14:57 of 1st period - Wrist shot by Tage Thompson.
14:57 of 1st period - Stopped by Linus Ullmark with a rebound.
14:59 of 1st period - Snap shot by Tage Thompson.
14:59 of 1st period - Goal by Tage Thompson - St.Louis Blues : 3 - Anaheim Ducks : 0.
15:00 of 1st period - John Tavares wins face-off versus Tage Thompson in neutral zone.
15:02 of 1st period - Minor Penalty to Morgan Rielly for Hooking.
15:03 of 1st period - Chandler Stephenson wins face-off versus Robert Thomas in Anaheim Ducks zone.
15:19 of 1st period - Elias Pettersson is hit by Chandler Stephenson and loses puck.
16:49 of 1st period - Tage Thompson is hit by Brayden Schenn.
17:01 of 1st period - Slapshot by Tage Thompson.
17:01 of 1st period - Shot Misses the Net.
17:02 of 1st period - Penalty to Morgan Rielly is over, Morgan Rielly is back on ice.
17:06 of 1st period - Icing by Brayden Schenn.
17:07 of 1st period - Nico Sturm wins face-off versus Brayden Schenn in Anaheim Ducks zone.
17:15 of 1st period - Snap shot by Lawson Crouse.
17:15 of 1st period - Shot Blocked by Morgan Rielly.
17:34 of 1st period - Minor Penalty to Adam Pelech for Delaying the game.
17:35 of 1st period - Mark Scheifele wins face-off versus Nico Sturm in St.Louis Blues zone.
17:39 of 1st period - Snap shot by John Tavares.
17:39 of 1st period - Shot Misses the Net.
17:57 of 1st period - Snap shot by Lawson Crouse.
17:57 of 1st period - Stopped by Linus Ullmark without a rebound.
17:58 of 1st period - Chandler Stephenson wins face-off versus Nico Sturm in Anaheim Ducks zone.
18:15 of 1st period - Wrist shot by Chandler Stephenson.
18:15 of 1st period - Shot Misses the Net.
18:29 of 1st period - Snap shot by Mark Scheifele.
18:29 of 1st period - Shot Misses the Net.
18:31 of 1st period - Wrist shot by William Nylander.
18:31 of 1st period - Shot Blocked by Jake Sanderson.
18:33 of 1st period - Slapshot by Morgan Rielly.
18:33 of 1st period - Stopped by Connor Hellebuyck with a rebound.
18:35 of 1st period - Slapshot by Mark Scheifele.
18:35 of 1st period - Shot Blocked by Jake Sanderson.
19:34 of 1st period - Penalty to Adam Pelech is over, Adam Pelech is back on ice.
Goals for this period are 3 for St.Louis Blues vs 0 for Anaheim Ducks.
Shots for this period are 17 for St.Louis Blues vs 8 for Anaheim Ducks.
2nd period
0:01 of 2nd period - Robert Thomas wins face-off versus John Tavares in neutral zone.
0:06 of 2nd period - Joshua Morrissey is hit by Elias Pettersson and loses puck.
0:52 of 2nd period - Josh Manson is hit by Evander Kane and loses puck.
1:24 of 2nd period - Slapshot by Lawson Crouse.
1:24 of 2nd period - Stopped by Linus Ullmark with a rebound.
1:34 of 2nd period - John Tavares is hit by Robert Thomas and loses puck.
2:09 of 2nd period - Wrist shot by Chandler Stephenson.
2:09 of 2nd period - Shot Misses the Net.
2:52 of 2nd period - J.T. Compher is hit by Tage Thompson and loses puck.
3:07 of 2nd period - Snap shot by Brayden Schenn.
3:07 of 2nd period - Deflect By Chandler Stephenson.
3:07 of 2nd period - Shot Blocked by Nick Leddy.
3:07 of 2nd period - Puck is out of play.
3:08 of 2nd period - Chandler Stephenson wins face-off versus Jack Eichel in St.Louis Blues zone.
3:09 of 2nd period - Slapshot by Alex Killorn.
3:09 of 2nd period - Stopped by Connor Hellebuyck without a rebound.
3:10 of 2nd period - Jack Eichel wins face-off versus John Tavares in St.Louis Blues zone.
3:10 of 2nd period - Mark Stone is hit by Mark Scheifele and loses puck.
3:18 of 2nd period - Minor Penalty to Joshua Morrissey for Interference.
3:19 of 2nd period - Chandler Stephenson wins face-off versus Robert Thomas in Anaheim Ducks zone.
3:29 of 2nd period - Chandler Stephenson is hit by Jake Guentzel and loses puck.
3:56 of 2nd period - Snap shot by Mark Stone.
3:56 of 2nd period - Deflect By Jack Eichel.
3:56 of 2nd period - Stopped by Linus Ullmark with a rebound.
5:18 of 2nd period - Penalty to Joshua Morrissey is over, Joshua Morrissey is back on ice.
5:23 of 2nd period - Off-side.
5:24 of 2nd period - Nico Sturm wins face-off versus John Tavares in neutral zone.
6:21 of 2nd period - Snap shot by Max Domi.
6:21 of 2nd period - Stopped by Connor Hellebuyck without a rebound.
6:22 of 2nd period - Robert Thomas wins face-off versus John Tavares in St.Louis Blues zone.
6:33 of 2nd period - Snap shot by Mark Scheifele.
6:33 of 2nd period - Deflect By John Tavares.
6:33 of 2nd period - Shot Misses the Net.
6:33 of 2nd period - Puck is out of play.
6:34 of 2nd period - Robert Thomas wins face-off versus Mark Scheifele in St.Louis Blues zone.
7:51 of 2nd period - Off-side.
7:52 of 2nd period - John Tavares wins face-off versus Robert Thomas in neutral zone.
7:59 of 2nd period - Slapshot by William Nylander.
7:59 of 2nd period - Shot Misses the Net.
8:01 of 2nd period - Slapshot by Joshua Morrissey.
8:01 of 2nd period - Deflect By Tage Thompson.
8:01 of 2nd period - Stopped by Connor Hellebuyck without a rebound.
8:02 of 2nd period - John Tavares wins face-off versus Robert Thomas in St.Louis Blues zone.
9:30 of 2nd period - Wrist shot by William Nylander.
9:30 of 2nd period - Shot Misses the Net.
9:32 of 2nd period - Snap shot by Joshua Morrissey.
9:32 of 2nd period - Stopped by Connor Hellebuyck with a rebound.
9:34 of 2nd period - Snap shot by John Tavares.
9:34 of 2nd period - Deflect By William Nylander.
9:34 of 2nd period - Stopped by Connor Hellebuyck with a rebound.
10:10 of 2nd period - Wrist shot by William Nylander.
10:10 of 2nd period - Shot Blocked by Colton Parayko.
10:12 of 2nd period - Snap shot by Mark Scheifele.
10:12 of 2nd period - Stopped by Connor Hellebuyck without a rebound.
10:13 of 2nd period - Chandler Stephenson wins face-off versus Jack Eichel in St.Louis Blues zone.
10:24 of 2nd period - Snap shot by Chandler Stephenson.
10:24 of 2nd period - Stopped by Connor Hellebuyck without a rebound.
10:25 of 2nd period - Jack Eichel wins face-off versus Chandler Stephenson in St.Louis Blues zone.
10:52 of 2nd period - Adam Pelech is hit by Calle Jarnkrok and loses puck.
11:42 of 2nd period - Backhand shot by Jake Guentzel.
11:42 of 2nd period - Stopped by Linus Ullmark with a rebound.
11:54 of 2nd period - Chandler Stephenson is hit by Jack Eichel and loses puck.
12:07 of 2nd period - Wrist shot by Nazem Kadri.
12:07 of 2nd period - Shot Blocked by Adam Pelech.
12:09 of 2nd period - Slapshot by Brenden Dillon.
12:09 of 2nd period - Goal by Brenden Dillon - St.Louis Blues : 3 - Anaheim Ducks : 1.
12:10 of 2nd period - Chandler Stephenson wins face-off versus Jack Eichel in neutral zone.
12:13 of 2nd period - Snap shot by Brayden Schenn.
12:13 of 2nd period - Shot Blocked by Colton Parayko.
12:15 of 2nd period - Snap shot by Alex Killorn.
12:15 of 2nd period - Shot Misses the Net.
12:17 of 2nd period - Backhand shot by Brenden Dillon.
12:17 of 2nd period - Stopped by Connor Hellebuyck without a rebound.
12:18 of 2nd period - Jake Guentzel wins face-off versus Chandler Stephenson in St.Louis Blues zone.
12:18 of 2nd period - Jake Guentzel is hit by Alex Killorn.
12:50 of 2nd period - Backhand shot by Brayden Schenn.
12:50 of 2nd period - Shot Misses the Net.
13:00 of 2nd period - Wrist shot by Alex Killorn.
13:00 of 2nd period - Deflect By Brayden Schenn.
13:00 of 2nd period - Stopped by Connor Hellebuyck with a rebound.
13:02 of 2nd period - Slapshot by Chandler Stephenson.
13:02 of 2nd period - Stopped by Connor Hellebuyck without a rebound.
13:03 of 2nd period - Robert Thomas wins face-off versus William Nylander in St.Louis Blues zone.
13:12 of 2nd period - Wrist shot by Robert Thomas.
13:12 of 2nd period - Shot Blocked by William Nylander.
13:21 of 2nd period - Minor Penalty to Adam Pelech for Holding.
13:22 of 2nd period - Nico Sturm wins face-off versus John Tavares in St.Louis Blues zone.
13:37 of 2nd period - Wrist shot by William Nylander.
13:37 of 2nd period - Shot Blocked by Lawson Crouse.
13:39 of 2nd period - Slapshot by Morgan Rielly.
13:39 of 2nd period - Deflect By Lawson Crouse.
13:39 of 2nd period - Goal by Morgan Rielly - St.Louis Blues : 3 - Anaheim Ducks : 2.
13:40 of 2nd period - Robert Thomas wins face-off versus John Tavares in neutral zone.
13:43 of 2nd period - William Nylander is hit by Colton Parayko and loses puck.
14:06 of 2nd period - Brayden Schenn is hit by Jake Guentzel.
14:12 of 2nd period - Snap shot by Chandler Stephenson.
14:12 of 2nd period - Stopped by Connor Hellebuyck with a rebound.
14:16 of 2nd period - Wrist shot by Alex Killorn.
14:16 of 2nd period - Stopped by Connor Hellebuyck with a rebound.
14:58 of 2nd period - Brenden Dillon is hit by Mikhail Sergachev and loses puck.
15:09 of 2nd period - Mason Marchment is hit by Robert Thomas and loses puck.
15:58 of 2nd period - Wrist shot by Max Domi.
15:58 of 2nd period - Stopped by Connor Hellebuyck without a rebound.
15:59 of 2nd period - Max Domi wins face-off versus Robert Thomas in St.Louis Blues zone.
16:12 of 2nd period - Elias Pettersson is hit by Morgan Rielly and loses puck.
16:29 of 2nd period - Wrist shot by Max Domi.
16:29 of 2nd period - Shot Misses the Net.
16:45 of 2nd period - Yanni Gourde is hit by Mark Scheifele and loses puck.
16:53 of 2nd period - Snap shot by Yanni Gourde.
16:53 of 2nd period - Stopped by Linus Ullmark without a rebound.
16:54 of 2nd period - John Tavares wins face-off versus Robert Thomas in Anaheim Ducks zone.
17:00 of 2nd period - Joshua Morrissey is hit by Mikhail Sergachev.
17:02 of 2nd period - Snap shot by William Nylander.
17:02 of 2nd period - Stopped by Connor Hellebuyck with a rebound.
17:20 of 2nd period - Jake Sanderson is hit by Brayden Schenn and loses puck.
17:31 of 2nd period - Slapshot by Jake Guentzel.
17:31 of 2nd period - Stopped by Linus Ullmark without a rebound.
17:32 of 2nd period - John Tavares wins face-off versus Robert Thomas in Anaheim Ducks zone.
17:41 of 2nd period - Wrist shot by Mark Scheifele.
17:41 of 2nd period - Stopped by Connor Hellebuyck without a rebound.
17:42 of 2nd period - Robert Thomas wins face-off versus John Tavares in St.Louis Blues zone.
17:42 of 2nd period - Robert Thomas is hit by Mark Scheifele.
18:00 of 2nd period - Wrist shot by William Nylander.
18:00 of 2nd period - Shot Blocked by Elias Pettersson.
18:02 of 2nd period - Slapshot by Joshua Morrissey.
18:02 of 2nd period - Deflect By John Tavares.
18:02 of 2nd period - Stopped by Connor Hellebuyck with a rebound.
18:08 of 2nd period - Snap shot by Mark Scheifele.
18:08 of 2nd period - Shot Blocked by Elias Pettersson.
18:12 of 2nd period - Snap shot by William Nylander.
18:12 of 2nd period - Stopped by Connor Hellebuyck with a rebound.
18:14 of 2nd period - Slapshot by John Tavares.
18:14 of 2nd period - Shot Blocked by Robert Thomas.
18:24 of 2nd period - Snap shot by William Nylander.
18:24 of 2nd period - Shot Misses the Net.
18:26 of 2nd period - Snap shot by Mark Scheifele.
18:26 of 2nd period - Shot Misses the Net.
18:28 of 2nd period - Snap shot by William Nylander.
18:28 of 2nd period - Stopped by Connor Hellebuyck with a rebound.
18:30 of 2nd period - Snap shot by Josh Manson.
18:30 of 2nd period - Stopped by Connor Hellebuyck without a rebound.
18:31 of 2nd period - Chandler Stephenson wins face-off versus Jack Eichel in St.Louis Blues zone.
18:54 of 2nd period - Minor Penalty to Mikhail Sergachev for Slashing.
18:55 of 2nd period - Nico Sturm wins face-off versus John Tavares in St.Louis Blues zone.
19:32 of 2nd period - Snap shot by Chandler Stephenson.
19:32 of 2nd period - Shot Misses the Net.
19:34 of 2nd period - Slapshot by Joshua Morrissey.
19:34 of 2nd period - Shot Blocked by Adam Pelech.
Goals for this period are 0 for St.Louis Blues vs 2 for Anaheim Ducks.
Shots for this period are 5 for St.Louis Blues vs 21 for Anaheim Ducks.
3rd period
0:01 of 3rd period - John Tavares wins face-off versus Nico Sturm in neutral zone.
0:44 of 3rd period - Minor Penalty to Joshua Morrissey for Holding.
0:45 of 3rd period - John Tavares wins face-off versus Robert Thomas in Anaheim Ducks zone.
0:54 of 3rd period - Penalty to Mikhail Sergachev is over, Mikhail Sergachev is back on ice.
1:08 of 3rd period - Snap shot by Elias Pettersson.
1:08 of 3rd period - Stopped by Linus Ullmark without a rebound.
1:09 of 3rd period - Chandler Stephenson wins face-off versus Jack Eichel in Anaheim Ducks zone.
1:43 of 3rd period - Snap shot by Elias Pettersson.
1:43 of 3rd period - Deflect By Robert Thomas.
1:43 of 3rd period - Shot Blocked by Teuvo Teravainen.
1:43 of 3rd period - Puck is out of play.
1:44 of 3rd period - Chandler Stephenson wins face-off versus Robert Thomas in Anaheim Ducks zone.
1:55 of 3rd period - Slapshot by Tage Thompson.
1:55 of 3rd period - Shot Misses the Net.
1:57 of 3rd period - Snap shot by Colton Parayko.
1:57 of 3rd period - Stopped by Linus Ullmark without a rebound.
1:58 of 3rd period - Robert Thomas wins face-off versus Chandler Stephenson in Anaheim Ducks zone.
2:03 of 3rd period - Wrist shot by Robert Thomas.
2:03 of 3rd period - Goal by Robert Thomas - St.Louis Blues : 4 - Anaheim Ducks : 2.
2:04 of 3rd period - John Tavares wins face-off versus Robert Thomas in neutral zone.
2:39 of 3rd period - Snap shot by Teuvo Teravainen.
2:39 of 3rd period - Stopped by Connor Hellebuyck with a rebound.
2:46 of 3rd period - Off-side.
2:47 of 3rd period - Chandler Stephenson wins face-off versus Jack Eichel in neutral zone.
3:13 of 3rd period - Yanni Gourde is hit by Esa Lindell and loses puck.
4:07 of 3rd period - Snap shot by Jack Eichel.
4:07 of 3rd period - Stopped by Linus Ullmark without a rebound.
4:08 of 3rd period - Jack Eichel wins face-off versus John Tavares in Anaheim Ducks zone.
4:14 of 3rd period - Off-side.
4:15 of 3rd period - Robert Thomas wins face-off versus John Tavares in neutral zone.
4:51 of 3rd period - Slapshot by William Nylander.
4:51 of 3rd period - Stopped by Connor Hellebuyck with a rebound.
5:09 of 3rd period - Wrist shot by Mark Scheifele.
5:09 of 3rd period - Stopped by Connor Hellebuyck with a rebound.
5:23 of 3rd period - Snap shot by Jack Eichel.
5:23 of 3rd period - Stopped by Linus Ullmark with a rebound.
5:25 of 3rd period - Snap shot by Mark Stone.
5:25 of 3rd period - Stopped by Linus Ullmark without a rebound.
5:26 of 3rd period - Robert Thomas wins face-off versus Brayden Schenn in Anaheim Ducks zone.
5:31 of 3rd period - Slapshot by Tage Thompson.
5:31 of 3rd period - Stopped by Linus Ullmark without a rebound.
5:32 of 3rd period - Robert Thomas wins face-off versus Brayden Schenn in Anaheim Ducks zone.
5:41 of 3rd period - Wrist shot by Elias Pettersson.
5:41 of 3rd period - Stopped by Linus Ullmark with a rebound.
6:25 of 3rd period - Yanni Gourde is hit by J.T. Compher and loses puck.
6:34 of 3rd period - Slapshot by Teuvo Teravainen.
6:34 of 3rd period - Shot Misses the Net.
6:46 of 3rd period - Slapshot by Jake Guentzel.
6:46 of 3rd period - Stopped by Linus Ullmark with a rebound.
8:03 of 3rd period - Backhand shot by William Nylander.
8:03 of 3rd period - Stopped by Connor Hellebuyck with a rebound.
9:46 of 3rd period - Slapshot by J.T. Compher.
9:46 of 3rd period - Shot Misses the Net.
10:14 of 3rd period - Snap shot by Max Domi.
10:14 of 3rd period - Shot Misses the Net.
10:16 of 3rd period - Slapshot by Morgan Rielly.
10:16 of 3rd period - Stopped by Connor Hellebuyck with a rebound.
10:18 of 3rd period - Slapshot by Teuvo Teravainen.
10:18 of 3rd period - Shot Misses the Net.
10:43 of 3rd period - Wrist shot by Elias Pettersson.
10:43 of 3rd period - Shot Blocked by Teuvo Teravainen.
10:45 of 3rd period - Wrist shot by Colton Parayko.
10:45 of 3rd period - Deflect By Robert Thomas.
10:45 of 3rd period - Stopped by Linus Ullmark with a rebound.
10:47 of 3rd period - Slapshot by Alex Pietrangelo.
10:47 of 3rd period - Deflect By Elias Pettersson.
10:47 of 3rd period - Stopped by Linus Ullmark with a rebound.
10:49 of 3rd period - Wrist shot by Tage Thompson.
10:49 of 3rd period - Stopped by Linus Ullmark without a rebound.
10:50 of 3rd period - John Tavares wins face-off versus Jack Eichel in Anaheim Ducks zone.
11:17 of 3rd period - Yanni Gourde is hit by Brayden Schenn and loses puck.
11:22 of 3rd period - Snap shot by Chandler Stephenson.
11:22 of 3rd period - Stopped by Connor Hellebuyck without a rebound.
11:23 of 3rd period - Chandler Stephenson wins face-off versus Yanni Gourde in St.Louis Blues zone.
11:38 of 3rd period - Alex Pietrangelo is hit by Brayden Schenn and loses puck.
11:47 of 3rd period - Slapshot by Brayden Schenn.
11:47 of 3rd period - Stopped by Connor Hellebuyck without a rebound.
11:48 of 3rd period - William Nylander wins face-off versus Jack Eichel in St.Louis Blues zone.
11:53 of 3rd period - Wrist shot by William Nylander.
11:53 of 3rd period - Stopped by Connor Hellebuyck with a rebound.
12:01 of 3rd period - Snap shot by Jack Eichel.
12:01 of 3rd period - Shot Misses the Net.
12:03 of 3rd period - Snap shot by Mark Stone.
12:03 of 3rd period - Shot Misses the Net.
12:05 of 3rd period - Wrist shot by Jack Eichel.
12:05 of 3rd period - Deflect By Mark Stone.
12:05 of 3rd period - Stopped by Linus Ullmark with a rebound.
12:17 of 3rd period - Minor Penalty to Yanni Gourde for Hooking.
12:18 of 3rd period - Nico Sturm wins face-off versus John Tavares in St.Louis Blues zone.
12:18 of 3rd period - Nico Sturm is hit by Mark Scheifele.
12:50 of 3rd period - Snap shot by Chandler Stephenson.
12:50 of 3rd period - Deflect By Brayden Schenn.
12:50 of 3rd period - Stopped by Connor Hellebuyck with a rebound.
13:23 of 3rd period - Nick Leddy is hit by Esa Lindell and loses puck.
13:50 of 3rd period - Josh Manson is hit by Lawson Crouse and loses puck.
14:17 of 3rd period - Penalty to Yanni Gourde is over, Yanni Gourde is back on ice.
14:49 of 3rd period - Jack Eichel is hit by Teuvo Teravainen and loses puck.
15:16 of 3rd period - Icing by Brayden Schenn.
15:17 of 3rd period - Jack Eichel wins face-off versus Chandler Stephenson in Anaheim Ducks zone.
15:51 of 3rd period - Slapshot by Chandler Stephenson.
15:51 of 3rd period - Stopped by Connor Hellebuyck with a rebound.
16:11 of 3rd period - Minor Penalty to Evander Kane for High sticking.
16:12 of 3rd period - John Tavares wins face-off versus Andrew Copp in St.Louis Blues zone.
16:38 of 3rd period - Nick Leddy is hit by Joshua Morrissey.
18:11 of 3rd period - Penalty to Evander Kane is over, Evander Kane is back on ice.
18:21 of 3rd period - Backhand shot by Jack Eichel.
18:21 of 3rd period - Deflect By Esa Lindell.
18:21 of 3rd period - Shot Misses the Net.
18:21 of 3rd period - Puck is out of play.
18:22 of 3rd period - Nazem Kadri wins face-off versus Tage Thompson in Anaheim Ducks zone.
18:54 of 3rd period - Wrist shot by Jack Eichel.
18:54 of 3rd period - Shot Misses the Net.
18:57 of 3rd period - Icing by Joshua Morrissey.
18:58 of 3rd period - Max Domi wins face-off versus Yanni Gourde in Anaheim Ducks zone.
Goals for this period are 1 for St.Louis Blues vs 0 for Anaheim Ducks.
Shots for this period are 13 for St.Louis Blues vs 10 for Anaheim Ducks.
Back to the Top